Map: Bel'Shir Vestige LE (Void)

Players

NonY - Winner!

  • Race: Protoss Protoss
  • Spawn Location: 5:00

benttwig

  • Race: Zerg Zerg
  • Spawn Location: 11:00

Event: WCS Austin 2017

VOD

Have the link to the VOD?

Description

Time

  • Played on: April 28, 2017, 2:12 p.m.
  • Length: 5:12

All games in this series

Show
View Real Time Build Order
Export as new Build Order

NonY Protoss - Winner!

Build Orders: 1 Gate Expand, Mass Adepts 

Get SALT Encoding   

  12  0:01  Probe (Chrono Boost)  
  13  0:11  Probe (Chrono Boost)  
  14  0:18  Pylon  
  14  0:22  Probe (Chrono Boost)  
  15  0:33  Assimilator  
  15  0:37  Probe (Chrono Boost)  
  15  0:42  Gateway  
  16  0:47  Probe (Chrono Boost)  
  17  0:58  Probe (Chrono Boost)  
  18  1:08  Probe (Chrono Boost)  
  19  1:20  Nexus  
  19  1:22  Probe (Chrono Boost)  
  20  1:30  Cybernetics Core  
  20  1:33  Probe (Chrono Boost)  
  20  1:38  Assimilator  
  21  1:45  Pylon  
  21  1:48  Probe (Chrono Boost)  
  22  1:58  Probe (Chrono Boost)  
  23  2:04  Adept  
  23  2:07  Warp Gate  
  25  2:11  Probe (Chrono Boost)  
  26  2:19  Twilight Council  
  27  2:23  Probe (Chrono Boost)  
  27  2:30  Adept  
  27  2:34  Probe (Chrono Boost)  
  27  2:36  Probe (Chrono Boost)  
  31  2:42  Resonating Glaives  
  31  2:44  Probe (Chrono Boost)  
  31  2:47  Probe (Chrono Boost)  
  33  2:56  Probe (Chrono Boost)  
  33  2:57  Probe (Chrono Boost), Adept  
  37  3:09  Probe (Chrono Boost)  
  37  3:11  Probe (Chrono Boost)  
  39  3:14  Gateway  
  39  3:17  Gateway  
  39  3:22  Probe (Chrono Boost)  
  39  3:23  Probe (Chrono Boost)  
  39  3:25  Adept  
  41  3:32  Pylon  
  41  3:33  Probe (Chrono Boost)  
  43  3:35  Probe (Chrono Boost)  
  43  3:39  Assimilator  
  43  3:41  Assimilator  
  43  3:46  Probe (Chrono Boost)  
  45  3:48  Probe (Chrono Boost)  
  45  3:57  Probe (Chrono Boost)  
  45  3:58  Stargate x2  
  45  3:59  Pylon  
  45  4:00  Probe (Chrono Boost)  
  47  4:06  Pylon  
  47  4:11  Adept  
  47  4:12  Adept x2  
  47  4:15  Probe (Chrono Boost)  
  54  4:19  Probe (Chrono Boost), Pylon  
  56  4:31  Probe x2 (Chrono Boost)  
  56  4:35  Adept x3  
  63  4:39  Pylon  
  63  4:41  Phoenix x2  
  67  4:59  Adept  
  67  5:00  Adept x2  
Show
View Real Time Build Order
Export as new Build Order

benttwig Zerg 

Build Orders: Pool First 

Get SALT Encoding   

  12  0:01  Drone  
  13  0:08  Drone  
  14  0:17  Overlord  
  14  0:36  Drone x3  
  17  0:46  Spawning Pool  
  17  0:47  Drone  
  17  0:53  Extractor  
  16  0:58  Drone  
  17  1:11  Drone  
  18  1:22  Drone  
  19  1:26  Hatchery  
  19  1:31  Drone  
  19  1:41  Queen  
  19  1:45  Zergling x2  
  22  1:53  Overlord  
  22  1:59  Metabolic Boost  
  22  2:11  Drone  
  22  2:13  Drone  
  24  2:38  Drone x2  
  24  2:42  Hatchery  
  25  2:45  Zergling x2  
  25  2:51  Spine Crawler  
  25  2:54  Zergling x2  
  25  3:00  Spine Crawler  
  23  3:18  Queen  
  26  3:20  Drone x2  
  28  3:27  Drone  
  28  3:32  Drone  
  29  3:37  Drone  
  29  3:38  Drone  
  30  3:48  Roach Warren  
  30  3:49  Drone  
  30  3:55  Drone x2  
  32  4:03  Drone  
  32  4:07  Lair  
  33  4:10  Extractor  
  33  4:11  Drone x2  
  34  4:24  Drone x3  
  36  4:28  Drone x3  
  39  4:33  Roach  
  41  4:44  Overlord x2  
  41  4:50  Spine Crawler  
Tags
 
Add a new tag
Caveats
  • Supply blocks, unpowered buildings, or Contaminate may cause inaccurate times.
  • Supply counts are checked every 10 seconds.